 Dungeon Crawl Stone Soup version 0.30-a0-58-gc0703345a7 (webtiles) character file.

Game seed: 8868835909754624070

0 flotson the Sneak (level 1, 0/18 HPs)
             Began as a Demonspawn Delver on Sept 11, 2022.
             Slain by a scorpion (3 damage)
             ... on level 5 of the Dungeon.
             The game lasted 00:00:43 (53 turns).

flotson the Sneak (Demonspawn Delver)                 Turns: 53, Time: 00:00:44

Health: 0/18       AC:  3    Str: 12    XL:     1   Next: 0%
Magic:  1/1        EV: 11    Int: 11    God:
Gold:   0          SH:  0    Dex: 14    Spells: 0/0 levels left

rFire   . . .      SeeInvis .    a - +0 hand axe
rCold   . . .      Faith    .    (no shield)
rNeg    . . .      Spirit   .    b - +0 leather armour
rPois   .          Reflect  .    (no helmet)
rElec   .          Harm     .    (no cloak)
rCorr   .          Rampage  .    (no gloves)
Will    .....                    (no boots)
Stlth   ++........               (no amulet)
HPRegen 0.06/turn                (no ring)
MPRegen 0.07/turn                (no ring)

@: lethally poisoned (0 -> -15)
A: no striking features
a: no special abilities


You were on level 5 of the Dungeon.
You visited 1 branch of the dungeon, and saw 1 of its levels.

Inventory:

Hand Weapons
 a - a +0 hand axe (weapon)
Armour
 b - a +0 leather armour (worn)
Wands
 g - a wand of digging (1)
Scrolls
 c - a scroll of fog
Potions
 f - a potion of haste


   Skills:
 + Level 3.0 Fighting
 - Level 1.7 Axes
 + Level 0.0 Armour
 + Level 1.7 Dodging
 - Level 4.5 Stealth
 + Level 0.0 Evocations


You couldn't memorise any spells.
You didn't know any spells.
Your spell library was empty.

Dungeon Overview and Level Annotations

Branches:
Dungeon (5/15)
 Temple: D:4-7

Altars:

Annotations:
D:5 3 runed translucent doors


Message History

A rock wall.
The rock shatters into small pieces.
The kobold brigand shouts!
You hear a shout!
The kobold shouts!
You hear a shout!
The kobold shouts!
Found a leather armour.
A scorpion comes into view.
Found a metallic sapphire potion.
A hound comes into view.
The hound barks!
Found a stone staircase leading up.
Okay, then.
An orc comes into view. It is wielding a +0 short sword.
The hound barely misses you.
The orc shouts!
You hit the hound.
The hound is moderately wounded.
You hit the scorpion.
You hear a shout!
The hound misses you. The scorpion stings you.
You are poisoned.
The scorpion poisons you!
An orc comes into view. It is wielding a +0 mace.
The orc shouts!
You hit the hound.
The hound is moderately wounded.
You closely miss the scorpion.
You feel very sick. The hound bites you but does no damage.
The scorpion stings you.
You are lethally poisoned!
The scorpion poisons you! The hound completely misses you.
An orc wizard comes into view. It is wielding a +1 dagger of venom.
You closely miss the hound.
The hound is moderately wounded.
You closely miss the scorpion.
You feel very sick. The hound bites you.
* * * LOW HITPOINT WARNING * * *
The scorpion stings you.
You die...

##..#≈≈≈.≈(≈.≈.≈g≈.~,~~~*,,,,,,,,
,##.##≈≈≈...≈.⌠.≈..,~~~***,,,,,,,
,,#..#*≈≈≈.≈.≈.≈.≈.~~~**,,,*,,,,,
,8#.>#**≈≈≈...≈...≈~~**,****,****
.,#..####≈≈≈.≈.≈.≈≈~**,,,* *,*,,,
K##.......≈≈≈...≈≈≈**,*,,***,*,**
##.#.######≈≈≈≈≈≈≈#**.#,,,,,,,,**
............#######...##,***,****
....########....@h..o.oo,,,*,,,,,
####* #....s#+#####*********
#...[.#,******* * #.....#,,,,,,,*
* #!....#******,* *
#.......,,,,*,* * #........,,,*,*
* #####....,,,*,* *,,,,,,,*,*


You could see a scorpion, a hound, an orc wizard (wandering) and 2 orcs.

Vanquished Creatures (others)
  2 fungi (D:5)
  A plant (D:5)
3 creatures vanquished.

Notes
Turn   | Place    | Note
-------+----------+-------------------------------------------
     0 | D:5      | flotson the Demonspawn Delver began the quest for the Orb.
     0 | D:5      | Reached XP level 1. HP: 18/18 MP: 1/1
    11 | D:5      | Noticed a scorpion
    22 | D:5      | Found a runed translucent gate.
    22 | D:5      | Found a runed translucent gate.
    22 | D:5      | Found a runed translucent gate.
    37 | D:5      | Noticed a kobold brigand
    45 | D:5      | Noticed a scorpion
    48 | D:5      | Noticed a hound
    52 | D:5      | Noticed an orc wizard
    53 | D:5      | Slain by a scorpion

Illustrated notes

Levels and vault maps discovered:
D:5:      layout_basic, lemuel_zombie_altar_yredelemnul,
          gammafunk_ghost_nasty_kobolds, hellmonk_bongcloud_opening,
          amcnicky_mini_rare_corridor_liquid, kennysheep_cluttered_room

Action                   || total
-------------------------++-------
Melee: Hand axe          ||     3
Evoke: Wand              ||     2
  Use: Scroll            ||     2
Armor: Leather armour    ||     1
Dodge: Dodged            ||     3

Table legend: (Time is in decaauts)
 A = Elapsed time spent in this place.
 B = Non-inter-level travel time spent in this place.
 C = Inter-level travel time spent in this place.
 D = Time resting spent in this place.
 E = Time spent auto-exploring this place.
 F = Levels seen in this place.
 G = Mean time per level.
                   A        B        C        D        E       F      G
               +--------+--------+--------+--------+--------+-----+--------+
         Total |     53 |     53 |      0 |      0 |     11 |   1 |   53.0 |
       Dungeon |     53 |     53 |      0 |      0 |     11 |   1 |   53.0 |
               +--------+--------+--------+--------+--------+-----+--------+

Top non-repeatable levels by time:
     D:5: 53 daAuts
